 Dungeon Crawl Stone Soup version 0.28.0-45-g0d030f2227 (webtiles) character file.

Game seed: 355065617517105427

15 GigaChad the Shield-Bearer (level 2, -3/27 HPs)
             Began as a Minotaur Fighter on Apr 19, 2022.
             Succumbed to a goblin's poison
             ... on level 1 of the Dungeon.
             The game lasted 00:00:48 (234 turns).

GigaChad the Shield-Bearer (Minotaur Fighter)        Turns: 234, Time: 00:00:49

Health: -3/27      AC:  7    Str: 20    XL:     2   Next: 34%
Magic:  1/1        EV:  9    Int:  5    God:
Gold:   12         SH:  4    Dex:  9    Spells: 1/1 levels left

rFire   . . .      SeeInvis .   a - +0 long sword
rCold   . . .      Faith    .   c - +0 buckler
rNeg    . . .      Spirit   .   b - +0 scale mail
rPois   .          Reflect  .   (helmet restricted)
rElec   .          Harm     .   (no cloak)
rCorr   .          Rampage  .   (no gloves)
Will    .....                   (no boots)
Stlth   ..........              (no amulet)
HPRegen 0.09/turn               (no ring)
MPRegen 0.07/turn               (no ring)

@: lethally poisoned (-3 -> -18)
A: horns 2, retaliatory headbutt
a: no special abilities


You were on level 1 of the Dungeon.
You visited 1 branch of the dungeon, and saw 1 of its levels.

You collected 12 gold pieces.

Inventory:

Hand Weapons
 a - a +0 long sword (weapon)
Armour
 b - a +0 scale mail (worn)
 c - a +0 buckler (worn)
Scrolls
 e - a scroll of identify {unknown}
 f - 2 scrolls of fear {unknown}
 i - a scroll of blinking {unknown}
Potions
 d - a potion of might
 g - a potion of degeneration {unknown}
 h - a potion of mutation {unknown}


   Skills:
 + Level 4.0 Fighting
 + Level 2.4 Long Blades
 + Level 4.0 Armour
 + Level 4.0 Shields


You had one spell level left.
You didn't know any spells.
Your spell library contained the following spells:

 Spells                   Type           Power      Damage    Failure   Level
 Blink                    Tloc           0%         N/A       96%         2
 Manifold Assault         Tloc           0%         N/A       100%        5
 Storm Form               Tmut/Air       0%         N/A       100%        7


Dungeon Overview and Level Annotations

Branches:
Dungeon (1/15)

Altars:


Innate Abilities, Weirdness & Mutations

You have a pair of horns on your head.
You reflexively headbutt those who attack you in melee.


Message History

You slash the dart slug!
The dart slug is almost dead.
The dart slug bites you but does no damage.
You hit the dart slug.
You kill the dart slug!
Your Fighting skill increases to level 4!
A kobold comes into view. It is wielding a +0 dagger.
The kobold shouts!
You hear a shout!
The kobold throws a stone.
The stone closely misses you.
The kobold throws a stone.
The stone hits you but does no damage.
The kobold throws a stone.
The stone hits you but does no damage.
A goblin comes into view. It is wielding a +2 dagger of venom.
The kobold hits you but does no damage.
You barely miss the kobold. The kobold hits you with a +0 dagger.
You closely miss the kobold. The kobold hits you with a +0 dagger.
You barely miss the kobold. Your headbutt misses the kobold.
The kobold hits you with a +0 dagger. The kobold hits you but does no damage.
You barely miss the kobold. The kobold hits you but does no damage.
The goblin hits you but does no damage.
You are poisoned.
You slash the kobold!
You kill the kobold!
You feel sick. The goblin closely misses you.
Your Armour skill increases to level 4!
You feel sick. The goblin hits you but does no damage.
You are more poisoned.
Things that are here:
a +0 dagger; 2 stones; a kobold corpse You feel very sick.
The goblin hits you with a +2 dagger of venom.
You are lethally poisoned!
* * * LOW HITPOINT WARNING * * *
You feel very sick. The goblin hits you but does no damage.
You are more poisoned.
* * * LOW HITPOINT WARNING * * *
You feel very sick.
The goblin hits you with a +2 dagger of venom.
* * * LOW HITPOINT WARNING * * *
You die...

###### ### #....# ..###
#.@..# ....#########
#.g..#
#........)..###.)..#
##.########.....###.....#
#.######.....#).# .####.
##........######.....
..†..##### .##### ####.#
## .(# ..>


You could see a goblin.

Vanquished Creatures
  2 dart slugs (D:1)
  A ball python (D:1)
  A goblin (D:1)
  3 jackals (D:1)
  2 bats (D:1)
  A kobold (D:1)
  A rat (D:1)
11 creatures vanquished.

Notes
Turn   | Place    | Note
-------+----------+-------------------------------------------
     0 | D:1      | GigaChad the Minotaur Fighter began the quest for the Orb.
     0 | D:1      | Reached XP level 1. HP: 19/19 MP: 0/0
   187 | D:1      | Reached XP level 2. HP: 22/27 MP: 1/1
   233 | D:1      | HP: 1/27 [goblin/+2 dagger of venom (3)]
   234 | D:1      | Succumbed to a goblin's poison

Illustrated notes

Levels and vault maps discovered:
D:1:      saegor_arrival_fortress, layout_rooms, minmay_pentomino_z4

Skill      XL: |  1  2 |
---------------+-------+-----
Shields        | 4 |  4.0
Fighting       | 4 |  4.0
Armour         | 4 |  4.0
Long Blades    | |  2.4

Action                   || total
-------------------------++-------
Melee: Long sword        ||    28
Armor: Scale mail        ||    36
Dodge: Dodged            ||    21
Block: Buckler           ||    11
